 Dungeon Crawl Stone Soup version 0.30-a0-1102-g2dbb833546 (webtiles) character file.

Game seed: 2833612496188955977

417 KristoblXynda the Sneak (level 6, -6/47 HPs)
             Began as a Vampire Gladiator on Apr 18, 2023.
             Killed by divine providence
             ... invoked by an orc priest
              (12 damage)
             ... on level 4 of the Dungeon.
             The game lasted 00:03:43 (2730 turns).

KristoblXynda the Sneak (Vampire Gladiator)         Turns: 2730, Time: 00:03:44

Health: -6/47      AC:  9    Str: 15    XL:     6   Next: 61%
Magic:  6/6        EV: 14    Int: 10    God:
Gold:   187        SH:  0    Dex: 16    Spells: 5/5 levels left

rFire   . . .      SeeInvis +    a - +0 long sword
rCold   . . .      Faith    .    (no shield)
rNeg    . . .      Spirit   .    b - +0 leather armour
rPois   .          Reflect  .    c - +0 helmet
rElec   .          Rampage  .    p - +0 cloak
rCorr   .                        (no gloves)
Will    .....                    (no boots)
Stlth   +++                      (no amulet)
HPRegen 0.47/turn                k - +4 ring of protection
MPRegen 0.10/turn                (no ring)

@: healing quickly
A: alive, fangs 3, see invisible, vampiric 2
a: Exsanguinate


You were on level 4 of the Dungeon.
You visited 1 branch of the dungeon, and saw 4 of its levels.

You collected 187 gold pieces.

Inventory:

Hand Weapons
 a - a +0 long sword (weapon)
Missiles
 d - 3 throwing nets (quivered)
 e - a javelin
Armour
 b - a +0 leather armour (worn)
 c - a +0 helmet (worn)
 p - a +0 cloak (worn)
Jewellery
 k - a +4 ring of protection (left hand)
Scrolls
 m - a scroll of vulnerability {unknown}
 q - 2 scrolls of immolation {unknown}
Potions
 f - a potion of cancellation {unknown}
 i - a potion of degeneration {unknown}
 j - 2 potions of mutation
 l - a potion of berserk rage {unknown}
 n - 2 potions of brilliance
 o - a potion of lignification {unknown}


   Skills:
 + Level 3.5 Fighting
 + Level 4.5 Long Blades
 - Level 1.5 Throwing
 + Level 4.9 Dodging
 + Level 5.1 Stealth


You had 5 spell levels left.
You didn't know any spells.
Your spell library contained the following spells:

 Spells                   Type           Power      Damage    Failure   Level
 Magic Dart               Conj           0%         1d3       43%         1
 Necrotise                Necr           0%         1d4       43%         1
 Summon Small Mammal      Summ           0%         N/A       43%         1
 Searing Ray              Conj           0%         2d4       56%         2
 Call Canine Familiar     Summ           0%         N/A       80%         3
 Portal Projectile        Hex/Tloc       0%         N/A       80%         3
 Summon Guardian Golem    Hex/Summ       0%         N/A       80%         3
 Tukima's Dance           Hex            0%         N/A       80%         3
 Vampiric Draining        Necr           0%         2d6       80%         3
 Fulminant Prism          Conj/Hex       0%         3d5       99%         4
 Agony                    Necr           0%         N/A       100%        5
 Blade Hands              Tmut           0%         N/A       100%        5


Dungeon Overview and Level Annotations

Branches:
Dungeon (4/15)
 Temple: D:4-7

Altars:


Innate Abilities, Weirdness & Mutations

Your natural rate of healing is accelerated.
You have razor-sharp teeth.
You have supernaturally acute eyesight. (SInv)
You are afflicted with vampirism and can become a bat while bloodless.


Message History

The orc burns you. The orc wizard closely misses you.
The orc priest hits you with a +3 mace!
You hit the orc priest but do no damage.
You bite the orc priest, but do no damage.
The orc hits you with a +1 whip of flaming.
The orc burns you. The orc wizard completely misses you.
The orc priest begins to cast a cantrip, but forgets the words!
You hit the orc priest.
The orc priest is lightly wounded.
The orc hits you with a +1 whip of flaming.
The orc burns you.
The orc wizard hits you but does no damage.
The orc priest invokes the aid of Beogh against you.
Beogh smites you!
* * * LOW HITPOINT WARNING * * *
You feel better. The orc hits you but does no damage.
The orc wizard hits you with a +0 dagger.
The orc priest closely misses you.
The orc wizard attacks as you move away!
The orc wizard hits you with a +0 dagger.
Found a ring mail.
You closely miss the orc wizard. The orc misses you.
You slash the orc wizard!
The orc wizard is severely wounded.
The orc hits you but does no damage. The orc attacks as you move away!
The orc hits you with a +1 whip of flaming.
The orc burns you.
* * * LOW HITPOINT WARNING * * *
The orc wizard points at you and mumbles some strange words.
You resist with some effort. The orc priest hits you with a +3 mace!
* * * LOW HITPOINT WARNING * * *
You see here a +2 cloak.
You closely miss the orc wizard. You punch the orc wizard.
The orc wizard is severely wounded.
The orc hits you but does no damage.
The orc wizard hits you but does no damage.
The orc priest calls down the wrath of Beogh upon you.
Beogh smites you!
You die...

## ######### . ........#
.# #######.# #### .####
#.# #.. ...... #.#
#.##......
#######.#######.o.....[#
...............o@......#
.######.#......o.......#
.# #.#.########....## .#
#.#.# ....# .# #.#.#
.#.# .######.#.# .. .#
........#.## .. .
.#######...#######. ###
.# #............


You could see an orc priest, an orc wizard (invisible) and an orc.

Vanquished Creatures
  An ogre (D:4)
  A hound (D:3)
  2 orc priests (D:4)
  Crazy Yiuf (D:3)
  Jessica (D:3)
  Ijyb (D:3)
  3 orc wizards
  Robin (D:3)
  A worm (D:2)
  5 orcs
  7 endoplasms
  3 giant cockroaches
  13 goblins
  3 hobgoblins
  A quokka (D:2)
  4 ball pythons
  5 bats
  A frilled lizard (D:3)
  6 kobolds
  5 rats
65 creatures vanquished.

Notes
Turn   | Place    | Note
-------+----------+-------------------------------------------
     0 | D:1      | KristoblXynda the Vampire Gladiator began the quest for the
                  | Orb.
     0 | D:1      | Reached XP level 1. HP: 16/16 MP: 1/1
   189 | D:1      | Reached skill level 1 in Stealth
   239 | D:1      | Reached XP level 2. HP: 22/22 MP: 2/2
   838 | D:2      | Gained mutation: You are afflicted with vampirism and can
                  | become a bat while bloodless. [Vampire growth]
   838 | D:2      | Reached XP level 3. HP: 27/27 MP: 3/3
  1063 | D:2      | Found a faded altar of an unknown god.
  1474 | D:3      | Reached skill level 2 in Stealth
  1508 | D:3      | Reached XP level 4. HP: 34/34 MP: 4/4
  1514 | D:3      | Noticed Ijyb
  1531 | D:3      | Killed Ijyb
  1669 | D:3      | Reached skill level 3 in Stealth
  1677 | D:3      | Identified the +2 hand axe "Etonwiy" {heavy, rC+ SInv}
  1860 | D:3      | Noticed Jessica
  1863 | D:3      | Killed Jessica
  1864 | D:3      | Reached XP level 5. HP: 40/40 MP: 5/5
  1937 | D:3      | Noticed Robin
  1958 | D:3      | Killed Robin
  2176 | D:3      | Found a runed translucent door.
  2177 | D:3      | Noticed Crazy Yiuf
  2179 | D:3      | Identified the +2 hammer "Hellblazer" {holy, rC+ Str+3}
  2190 | D:3      | Killed Crazy Yiuf
  2191 | D:3      | Reached skill level 4 in Stealth
  2395 | D:4      | Noticed an ogre
  2400 | D:4      | Killed an ogre
  2401 | D:4      | Reached XP level 6. HP: 47/47 MP: 6/6
  2491 | D:4      | Reached skill level 5 in Stealth
  2730 | D:4      | Killed from afar by an orc priest

Illustrated notes

Levels and vault maps discovered:
D:1:      sevenhm_arrival_forest_fort_small_4, layout_basic,
          roderic_serpentine_path
D:2:      layout_basic, dreamdust_ecumenical_altar_hidden_monk_grotto,
          chequers_serial_rivers_room_b, minivault_4
D:3:      layout_basic, uniq_crazy_yiuf_cottage, uniq_jessica, uniq_robin,
          uniq_ijyb
D:4:      layout_loops_ring, nzn_wu_jian_council_hall, serial_shops, shop

Skill      XL: |  1  2  3  4  5  6 |
---------------+-------------------+-----
Stealth        | 1 2 3 4 5 |  5.1
Fighting       | 2 3 |  3.5
Dodging        | 4 |  4.9
Long Blades    | 4 |  4.5
Throwing       | |  1.5

Action                     |  1- 3 |  4- 6 || total
---------------------------+-------+-------++-------
  Melee: Long sword        |    80 |   108 ||   188
         Bite              |     6 |    18 ||    24
         Punch             |       |     2 ||     2
    Use: Scroll            |       |     2 ||     2
         Potion            |       |     4 ||     4
   Stab: Sleeping          |     5 |     2 ||     7
 Armour: Leather armour    |    28 |    35 ||    63
  Dodge: Dodged            |    52 |    71 ||   123

Table legend: (Time is in decaauts)
 A = Elapsed time spent in this place.
 B = Non-inter-level travel time spent in this place.
 C = Inter-level travel time spent in this place.
 D = Time resting spent in this place.
 E = Time spent auto-exploring this place.
 F = Levels seen in this place.
 G = Mean time per level.
                   A        B        C        D        E       F      G
               +--------+--------+--------+--------+--------+-----+--------+
         Total |   2797 |   2707 |     90 |    452 |   1742 |   4 |  699.2 |
       Dungeon |   2797 |   2707 |     90 |    452 |   1742 |   4 |  699.2 |
               +--------+--------+--------+--------+--------+-----+--------+

Top non-repeatable levels by time:
     D:3: 960 daAuts
     D:2: 822 daAuts
     D:1: 646 daAuts
     D:4: 368 daAuts
